Map: Nightshade LE

Players

antagomiR - Winner!

  • Race: Protoss Protoss
  • League: Gold
  • Spawn Location: 11:00

Han

  • Race: Protoss Protoss
  • League: Gold
  • Spawn Location: 5:00

VOD

Have the link to the VOD?

Description

Time

  • Played on: April 11, 2020, 1:22 p.m.
  • Length: 2:42
Show
View Real Time Build Order
Export as new Build Order

antagomiR Protoss - Winner!

Build Orders:  

Get SALT Encoding   

  12  0:00  Probe  
  13  0:13  Probe  
  14  0:19  Pylon  
  14  0:25  Probe  
  15  0:39  Gateway  
  15  0:41  Probe  
  16  0:53  Probe  
  17  0:58  Assimilator  
  17  1:05  Probe  
  18  1:17  Assimilator  
  18  1:32  Cybernetics Core  
  18  1:37  Pylon  
  18  1:43  Probe (Chrono Boost)  
  18  1:45  Zealot (Chrono Boost)  
  21  1:53  Probe (Chrono Boost)  
  22  1:58  Probe (Chrono Boost), Gateway x2  
  25  2:27  Probe  
Show
View Real Time Build Order
Export as new Build Order

Han Protoss 

Build Orders:  

Get SALT Encoding   

  12  2:32  Probe (Chrono Boost)  
Tags
 
League
GoldGold
Matchup
PvP
Replay Pack
20200422
Spawn Locations
Cross Positions
Add a new tag
Caveats
  • Supply blocks, unpowered buildings, or Contaminate may cause inaccurate times.
  • Supply counts are checked every 10 seconds.